Map: Frozen Temple

Players

Nickos

  • Race: Terran Terran
  • League: Gold

SPSoreArse - Winner!

  • Race: Terran Terran
  • League: Gold

VOD

Have the link to the VOD?

Description

Time

  • Played on: Sept. 17, 2016, 6:40 a.m.
  • Length: 12:49
Show
View Real Time Build Order
Export as new Build Order

Nickos Terran 

Build Orders: MMM Bio 

Get SALT Encoding   

  12  0:01  SCV  
  13  0:13  SCV  
  14  0:18  Supply Depot  
  14  0:25  SCV  
  15  0:40  SCV  
  16  0:43  Barracks  
  16  0:52  SCV  
  17  1:04  SCV  
  18  1:16  SCV  
  19  1:24  Command Center  
  19  1:30  SCV  
  20  1:37  Supply Depot  
  20  1:39  Marine  
  21  1:49  Orbital Command  
  21  1:57  Marine  
  22  2:11  Barracks  
  22  2:14  Barracks  
  22  2:15  SCV, Marine  
  23  2:27  SCV  
  24  2:32  Marine  
  24  2:33  Refinery  
  24  2:34  Refinery  
  25  2:39  SCV  
  25  2:41  Orbital Command  
  27  2:51  Marine, SCV  
  28  3:06  SCV  
  28  3:08  Barracks Tech Lab  
  29  3:14  Barracks Reactor  
  29  3:16  SCV  
  29  3:18  SCV  
  31  3:26  Supply Depot  
  31  3:28  SCV  
  31  3:30  SCV  
  33  3:37  Bunker  
  33  3:39  Marine x2  
  33  3:40  SCV  
  36  3:42  Stimpack  
  36  3:43  SCV  
  37  3:49  Supply Depot  
  37  3:52  SCV, Marine x2  
  39  3:57  Marine x2  
  39  4:09  SCV x2  
  39  4:15  Factory  
  39  4:16  Barracks Reactor, Marauder  
  41  4:21  SCV  
  42  4:26  SCV  
  42  4:29  Marine  
  44  4:33  SCV  
  44  4:35  Supply Depot  
  44  4:37  Marauder  
  44  4:38  SCV  
  48  4:40  Marine  
  50  4:45  SCV  
  50  4:47  Marine  
  50  4:50  SCV  
  50  4:52  Supply Depot  
  52  4:55  Marine x2  
  52  4:57  SCV  
  52  4:58  Marine  
  56  5:00  Starport  
  56  5:02  Factory Reactor, SCV  
  57  5:09  SCV  
  57  5:13  Supply Depot  
  58  5:14  Marine, SCV  
  58  5:16  Supply Depot  
  60  5:21  Marine x2  
  60  5:22  Marine, SCV  
  60  5:26  SCV  
  65  5:30  Marine  
  65  5:32  Marine  
  65  5:34  SCV  
  68  5:38  SCV  
  68  5:39  Supply Depot  
  69  5:48  Marine x3  
  69  5:49  Medivac  
  73  5:50  Medivac  
  75  5:58  Marine  
  75  6:02  SCV x2  
  77  6:08  Marine x2  
  77  6:09  Marine  
  80  6:12  Command Center  
  80  6:14  SCV x2  
  82  6:21  Marine  
  82  6:22  Medivac  
  82  6:23  Medivac  
  87  6:26  SCV x2  
  89  6:48  SCV x2  
  89  6:49  Marine  
  89  6:50  Marine x4  
  96  6:57  Combat Shields  
  96  7:00  SCV x2  
  98  7:02  Supply Depot  
  98  7:04  Engineering Bay x2  
  98  7:05  Supply Depot  
  98  7:07  Marine  
  99  7:12  SCV  
  100  7:18  Marine  
  100  7:19  Marine  
  102  7:24  Medivac x2, Marine x2  
  102  7:26  Refinery  
  102  7:27  Refinery  
  102  7:28  Supply Depot  
  102  7:29  Orbital Command  
  108  7:33  Terran Infantry Weapons Level 1  
  108  7:42  Terran Infantry Armor Level 1  
  108  7:47  Marine x5  
  113  7:54  Medivac  
  115  7:59  Medivac  
  115  8:04  Marine  
  115  8:05  Marine  
  119  8:09  Marine x3  
  122  8:16  Barracks, SCV x3  
  122  8:19  Barracks  
  125  8:21  Armory  
  125  8:22  Marine  
  126  8:27  Marine x2  
  126  8:28  SCV x2, Supply Depot, Marine x2  
  126  8:29  Medivac x2, SCV  
  137  8:41  SCV x3  
  140  8:50  Marine x2  
  140  8:51  Marine x3  
  140  8:53  SCV  
  140  8:55  SCV x2  
  148  9:05  SCV  
  149  9:12  Barracks Reactor  
  149  9:18  Barracks  
  149  9:20  Barracks  
  149  9:27  Command Center  
  149  9:33  SCV  
  149  9:42  Marine  
  149  9:44  Terran Infantry Weapons Level 2  
  149  10:00  Marine  
  149  10:06  Command Center  
  149  10:14  Supply Depot  
  149  10:15  Supply Depot x2  
  149  10:35  Medivac x2, SCV x3, Marine x8  
  164  10:42  Command Center  
  164  10:43  Barracks Tech Lab  
  164  10:44  Barracks Tech Lab  
  164  10:47  SCV  
  165  10:53  Marine x7  
  165  10:55  Marine  
  173  11:05  Medivac x2  
  173  11:10  Marine x2  
  173  11:11  Marine x2  
  181  11:12  Command Center  
  181  11:21  Barracks Tech Lab  
  181  11:22  Marauder x2  
  181  11:24  Marine x3  
  187  11:27  SCV x2  
  187  11:28  Marine x3, SCV  
  187  11:29  Marauder  
  195  11:35  Medivac x2  
  199  11:42  Marine x2  
  199  11:43  Marauder  
  199  11:44  Marauder  
  199  11:45  Marine x2  
  199  11:46  Marine x3  
  144  11:50  Marauder  
  130  12:00  Marine x2  
  132  12:03  Marine x2  
  132  12:04  Marine x3  
  132  12:05  Marauder x2  
  141  12:11  Marine  
  142  12:17  Marine  
  142  12:18  Marine  
  142  12:20  Marine  
  142  12:21  Marine  
Show
View Real Time Build Order
Export as new Build Order

SPSoreArse Terran - Winner!

Build Orders: MMM Bio 

Get SALT Encoding   

  12  0:01  SCV  
  13  0:13  SCV  
  14  0:19  Supply Depot  
  14  0:25  SCV  
  15  0:29  Refinery  
  15  0:42  Barracks  
  15  0:46  SCV  
  16  0:58  SCV  
  17  1:10  SCV  
  18  1:18  Refinery  
  18  1:22  SCV  
  19  1:30  Reaper  
  20  1:36  Orbital Command  
  20  1:51  Factory  
  20  2:03  SCV  
  20  2:05  Reaper  
  22  2:15  SCV  
  23  2:20  Supply Depot  
  23  2:29  Command Center  
  23  2:45  Hellion  
  23  2:49  Barracks Tech Lab  
  25  2:51  SCV  
  26  3:04  SCV  
  27  3:16  SCV  
  27  3:17  Barracks, Stimpack  
  27  3:19  Barracks  
  28  3:22  Engineering Bay  
  28  3:31  SCV  
  29  3:38  Factory Tech Lab  
  29  3:43  SCV  
  29  3:45  Orbital Command  
  30  3:55  SCV  
  28  4:11  Barracks Reactor x2  
  28  4:16  Starport  
  28  4:21  Terran Infantry Weapons Level 1  
  28  4:24  Missile Turret, SCV x2  
  30  4:28  Siege Tank  
  33  4:32  Marine  
  33  4:36  Engineering Bay, SCV x2  
  36  4:48  Missile Turret, SCV x2  
  36  4:49  Marine  
  36  4:50  Marine x3  
  36  4:51  Marine  
  43  4:58  Starport Reactor  
  43  5:00  SCV x2  
  45  5:07  Terran Infantry Armor Level 1  
  45  5:09  Missile Turret  
  45  5:12  SCV  
  46  5:18  Combat Shields, Supply Depot  
  46  5:24  Supply Depot  
  46  5:26  Armory  
  46  5:27  Supply Depot  
  46  5:39  SCV  
  46  5:40  Refinery  
  46  5:42  Supply Depot  
  47  5:53  Medivac x2  
  47  5:54  Marine x4  
  47  5:56  SCV x2  
  57  6:09  Marine  
  58  6:12  Marine  
  58  6:14  SCV  
  60  6:23  Terran Vehicle And Ship Armor Level 1  
  60  6:32  Marine x4  
  62  6:33  Marine  
  62  6:38  SCV x2  
  66  6:44  Barracks x3  
  66  6:45  Medivac x2  
  70  6:50  SCV, Marine  
  70  6:51  SCV  
  73  7:01  Command Center, Supply Depot x2  
  73  7:03  Terran Infantry Weapons Level 2  
  73  7:12  Marine x3  
  73  7:13  Marine  
  77  7:21  Marine  
  77  7:22  Medivac  
  80  7:24  SCV  
  80  7:25  SCV  
  82  7:36  Marine x3  
  85  7:38  Barracks Reactor x2  
  85  7:39  Barracks Reactor  
  85  7:40  Marauder  
  85  7:43  SCV x2  
  89  7:47  Refinery  
  89  7:50  Siege Tank  
  92  7:55  Supply Depot  
  92  7:58  Supply Depot  
  92  8:01  Marauder  
  92  8:03  Missile Turret  
  93  8:12  Supply Depot  
  93  8:13  Medivac  
  95  8:32  Orbital Command  
  95  8:35  Marine x2  
  95  8:36  Marine x7  
  95  8:37  SCV  
  95  8:38  SCV  
  106  8:48  Marine x2  
  107  8:49  Medivac, SCV  
  107  8:50  Medivac, SCV  
  107  8:53  Marine  
  115  9:01  Terran Infantry Armor Level 2  
  115  9:02  Starport  
  115  9:04  Marine x3  
  115  9:05  Marine x4  
  122  9:22  Terran Vehicle And Ship Armor Level 2  
  122  9:24  SCV  
  122  9:25  SCV x2  
  125  9:37  SCV  
  126  9:48  SCV x2  
  126  9:49  Sensor Tower, SCV  
  126  9:51  Marine x3  
  126  9:52  Marine  
  133  10:12  Starport Reactor, Supply Depot  
  133  10:13  Supply Depot  
  133  10:14  Supply Depot  
  133  10:15  Supply Depot x2  
  133  10:21  Supply Depot  
  133  10:30  Supply Depot  
  133  10:34  Medivac x2, Marine x4  
  141  10:38  Marine x2  
  141  10:39  Marauder, Marine x3  
  141  10:40  Command Center  
  141  10:41  SCV x3  
  151  10:47  Refinery x2  
  151  10:53  SCV x3  
  154  11:03  Medivac x2  
  154  11:04  Medivac, Marine x3  
  158  11:05  SCV x2, Marine x4  
  158  11:06  SCV  
  158  11:10  Command Center  
  170  11:17  SCV  
  170  11:18  SCV  
  172  11:24  SCV  
  172  11:25  Marine x6  
  176  11:26  Marauder, Marine x2  
  176  11:27  Medivac  
  176  11:29  SCV  
  176  11:30  SCV  
  171  12:04  Marine x2  
  173  12:09  Planetary Fortress  
Tags
 
Composition
MMM BioMMM Bio
League
GoldGold
Matchup
TvT
Race
Terran
Replay Pack
Nickos replay
Add a new tag
Caveats
  • Supply blocks, unpowered buildings, or Contaminate may cause inaccurate times.
  • Supply counts are checked every 10 seconds.